 Dungeon Crawl Stone Soup version 0.30.1-11-g7821555f0a (webtiles) character file.

Game seed: 9970925418323117578

143 KittyFluff the Cudgeller (level 5, -18/49 HPs)
             Began as a Gargoyle Berserker on Nov 6, 2023.
             Was a Believer of Trog.
             Demolished by an ogre
             ... wielding a +0 giant club
              (21 damage)
             ... on level 4 of the Dungeon.
             The game lasted 00:08:21 (2101 turns).

KittyFluff the Cudgeller (Gargoyle Berserker)       Turns: 2101, Time: 00:08:21

Health: -18/49     AC:  9    Str: 22    XL:     5   Next: 25%
Magic:  5/5        EV: 11    Int:  8    God:    Trog [**....]
Gold:   162        SH:  0    Dex:  9    Spells: 4/4 levels left

rFire   . . .        a - +0 mace
rCold   . . .        (no shield)
rNeg    + . .        h - +0 leather armour
rPois   ∞            (no helmet)
rElec   +            (no cloak)
rCorr   .            (no gloves)
SInv    .            m - +1 pair of boots
Will    +....        (no amulet) Stlth
                     g - ring of willpower
HPRegen 0.28/turn    (no ring)
MPRegen 0.09/turn

%: no passive effects
@: berserking, very quick
A: sickness immunity, AC +4, negative energy resistance 1, electricity
resistance, torment resistance 1, petrification resistance
a: Renounce Religion, Berserk, Trog's Hand


You were on level 4 of the Dungeon.
You worshipped Trog.
Trog was pleased with you.
You visited 1 branch of the dungeon, and saw 4 of its levels.

You collected 162 gold pieces.

Inventory:

Hand Weapons
 a - a +0 mace (weapon)
 n - a +0 sling
Missiles
 f - 4 javelins (quivered)
Armour
 h - a +0 leather armour (worn)
 m - a +1 pair of boots (worn)
Jewellery
 g - a ring of willpower (left hand)
Wands
 t - a wand of iceblast (3)
Scrolls
 b - a scroll of enchant weapon {unknown}
 c - 4 scrolls of identify {unknown}
 d - 5 scrolls of blinking {unknown}
 e - a scroll of amnesia {unknown}
 j - 2 scrolls of poison {unknown}
 k - 2 scrolls of teleportation {unknown}
 p - a scroll of immolation {unknown}
 q - a scroll of fog {unknown}
 s - a scroll of vulnerability {unknown}
Potions
 i - 2 potions of haste {unknown}
 l - a potion of lignification {unknown}
 o - a potion of degeneration {unknown}
 r - a potion of curing {unknown}


   Skills:
 + Level 4.1 Fighting
 * Level 4.2 Maces & Flails
 * Level 3.9 Armour
 - Level 1.8 Dodging


You had 4 spell levels left.
You didn't know any spells.
Your spell library was empty.

Dungeon Overview and Level Annotations

Branches:
Dungeon (4/15)
 Temple: D:4-7

Altars:
Nemelex Xobeh
Zin


Innate Abilities, Weirdness & Mutations

You are immune to sickness and miasma.
Your stone body is resilient. (AC +4)
You are immune to poison.
You resist negative energy. (rN+)
You are resistant to electric shocks. (rElec)
You are resistant to unholy torment.
You are immune to petrification.


Message History

You see here a ball python corpse.
Found a scroll labelled YKHLEV YPISTRY and a glass wand.
Found 10 gold pieces.
s - a scroll labelled YKHLEV YPISTRY An endoplasm comes into view.
The endoplasm quivers.
You sock the endoplasm!
You kill the endoplasm!
Trog accepts your kill.
t - a wand of iceblast (3)
Found a book of Spectacle.
You now have 162 gold pieces (gained 10).
An ogre comes into view. It is wielding a +0 giant club.
The ogre shouts!
An orc comes into view. It is wielding a +0 hand axe.
A worm comes into view.
The orc attacks as you move away! The orc hits you with a +0 hand axe.
You barely miss the orc. The orc barely misses you.
You closely miss the orc. The orc hits you but does no damage.
The ogre closely misses you.
You hit the orc but do no damage. The orc barely misses you.
The ogre hits you with a +0 giant club!!
Ouch! That really hurt!
The orc barely misses you.
A red film seems to cover your vision as you go berserk!
You feel yourself moving faster!
You feel mighty! The orc misses you. The ogre hits you with a +0 giant club!
* * * LOW HITPOINT WARNING * * *
You hit the ogre.
The ogre is lightly wounded.
You barely miss the ogre.
The ogre is lightly wounded.
The orc barely misses you. The ogre hits you but does no damage.
You barely miss the ogre.
The ogre is lightly wounded.
The orc hits you but does no damage.
You sock the ogre!
The ogre is heavily wounded.
The ogre hits you with a +0 giant club!!
You die...

...#.## ................
...#... ................
....... ...........#....
....... ...........##...
.......#................
#...........##....####..
#.......w........ ###..
##...##oO.####..####....
#. ##@....#........###
##...##......##..#
#....##:#....##..##
###...#.##........##
#................#
###.##.....#....##
#####...###...# #..##
#...# ##.# #####


You could see an ogre, a worm and an orc.

Vanquished Creatures
  4 adders
  3 gnolls (D:2)
  2 worms (D:2)
  4 dart slugs
  6 orcs
  2 bats (D:3)
  9 endoplasms
  A giant cockroach (D:2)
  5 hobgoblins
  6 kobolds
  5 quokkas
  2 ball pythons (D:4)
  2 frilled lizards
  2 goblins
  6 rats
59 creatures vanquished.

Notes
Turn   | Place    | Note
-------+----------+-------------------------------------------
     0 | D:1      | KittyFluff the Gargoyle Berserker began the quest for the
                  | Orb.
     0 | D:1      | Reached XP level 1. HP: 14/14 MP: 1/1
    94 | D:1      | Found a faded altar of an unknown god.
   101 | D:1      | Reached XP level 2. HP: 19/19 MP: 2/2
   663 | D:2      | Reached XP level 3. HP: 16/23 MP: 3/3
   822 | D:2      | Reached ** piety under Trog
   823 | D:2      | Reached XP level 4. HP: 11/29 MP: 4/4
  1306 | D:2      | You fall into a shaft and drop 1 floor!
  1515 | D:3      | Found a glowing silver altar of Zin.
  1515 | D:3      | Found a sparkling altar of Nemelex Xobeh.
  1706 | D:3      | Reached XP level 5. HP: 31/33 MP: 5/5
  2089 | D:4      | Noticed an ogre
  2097 | D:4      | HP: 2/49 [ogre/+0 giant club (14)]
  2101 | D:4      | Demolished by an ogre

Illustrated notes

Levels and vault maps discovered:
D:1:      tarquinn_simple_flora_water_c, layout_basic,
          dreamdust_ecumenical_altar_angels_and_demons
D:2:      layout_basic, basic_altar, minmay_fountain_box
D:3:      layout_loops_ring, mainiacjoe_overflow_divided_tiny
D:4:      layout_cave_pools, minmay_temple_entry_offerings, hellmonk_no_cap,
          uniq_eustachio

Skill      XL: |  1  2  3  4  5 |
---------------+----------------+-----
Armour         | 3 |  3.9
Maces & Flails | 4 |  4.2
Fighting       | 4 |  4.1
Dodging        | |  1.8

Action                     |  1- 3 |  4- 6 || total
---------------------------+-------+-------++-------
  Melee: Mace              |    70 |   105 ||   175
         Punch             |     1 |     3 ||     4
 Invoke: Berserk           |       |     1 ||     1
 Armour: Animal skin       |    11 |       ||    11
         Leather armour    |     2 |    44 ||    46
  Dodge: Dodged            |    40 |    67 ||   107
